Unix NetHack Version 3.7.0-88 Work-in-progress - last build Aug 21 2023 04:08:40 (b68ccb3e4f8f5dcb83e1e40b1ff56e7dffd4cd28,branch:master). Game began 2023-08-27 09:28:42, ended 2023-08-27 14:28:42. spontiff, neutral male gnomish Healer -------- -------- ------ |......| |....).|####.....| # # ----------- |.......# |......-# |....| -|-|-- |.........| |......|## |......|####.....-####### %-.*..| #####-.........| |......| ## |......|# --.--- ####|.)...## |.........| |......| ## ---.-.--# # ##|....| |.........-# |......| # ####### #### ###------ -----------# --.----- # # # ############################### ## ## ## ######## # # 0## ## # ########### #### # # # #### ##-|---|- -------.- # ##### ######## --------|- #|...>.| +.......| # # #------.- |.........#######|.....| |.......| # ### #|......| |........|####f##......| |.......|## ####.......| |........-#######|.....| ........|# |...<..| ---------- #------- |.......-# 0#####.......| ### --------- -------- Spontiff the Rhizotomist St:8 Dx:8 Co:17 In:9 Wi:15 Ch:18 Neutral S:899 Dlvl:4 $:1754 HP:29(29) Pw:0(0) AC:-11 Xp:1/0 T:6890 Weak Latest messages: What do you want to use or apply? [ceos-uwxSZ or ?*] s In what direction? l You hear nothing special. What do you want to use or apply? [ceos-uwxSZ or ?*] x Your lamp is now off. F - a brilliant blue potion. What do you want to use or apply? [ceos-uwxSZ or ?*] s In what direction? n You hear nothing special. You are beginning to feel weak. What do you want to use or apply? [ceos-uwxSZ or ?*] s In what direction? n You hear nothing special. What do you want to use or apply? [ceos-uwxSZ or ?*] s In what direction? n You hear nothing special. What do you want to eat? [npy or ?*] ? Never mind. The door opens. What do you want to use or apply? [ceos-uwxSZ or ?*] s In what direction? l You hear a hollow sound. This must be a secret door! This door is locked. In what direction? l Whammm!! In what direction? l As you kick the door, it crashes open! You feel strong! You must have been exercising diligently. The door resists! The door opens. $ - 13 gold pieces (1754 in total). You swap places with your large cat. The large cat bites the gas spore. The large cat bites the gas spore. The large cat bites the gas spore. The gas spore is killed! Boom! The large cat is caught in the gas spore's explosion! Are you sure you want to pray? [yn] (n) y You begin praying to Hermes. You finish your prayer. The voice of Hermes booms out: "Thou art arrogant, mortal." "Thou must relearn thy lessons!" You feel foolish! #oh ffs: unknown extended command. Really quit? [yes|n] (n) yes Do you want your possessions identified? [ynq] (y) y Do you want to see the dungeon overview? [ynq] (y) y Inventory: Coins $ - 1754 gold pieces Amulets A - an uncursed amulet of reflection (being worn) Weapons k - an uncursed +0 scalpel (alternate weapon; not wielded) Armor h - a blessed +0 dwarvish iron helm (being worn) g - an uncursed +1 pair of leather gloves (being worn) v - a blessed +2 pair of low boots (being worn) D - a cursed +0 shield of reflection r - a blessed +1 small shield (being worn) q - an uncursed +0 elven cloak (being worn) d - an uncursed +2 gray dragon scale mail (being worn) Comestibles y - an uncursed apple n - an uncursed food ration p - an uncursed tripe ration Potions F - an uncursed potion of sickness Wands u - an uncursed wand of polymorph (0:5) S - an uncursed wand of sleep (0:8) Z - an uncursed wand of sleep (0:3) Tools w - an uncursed mirror x - an uncursed oil lamp e - an uncursed +0 pick-axe s - an uncursed stethoscope o - an uncursed tin whistle t - an uncursed towel c - an uncursed +0 unicorn horn Gems/Stones C - a cursed worthless piece of black glass E - an uncursed worthless piece of green glass Spontiff the Healer's attributes: Background: You were a Rhizotomist, a level 1 male gnomish Healer. You were neutral, on a mission for Hermes who was opposed by Athena (lawful) and Poseidon (chaotic). You were in the Dungeons of Doom, on level 4. You entered the dungeon 6890 turns ago. You had 0 experience points, 20 were needed to attain level 2. Your score was 899 before end-of-game adjustments. Basics: You had all 29 hit points. You had no energy points (spell power). Your armor class was -11. Your wallet contained 1754 zorkmids. Autopickup was on for '$!/="?' plus thrown, with exceptions. Final Characteristics: Your strength was 8 (base:9, limit:18/50). Your dexterity was 8 (limit:18). Your constitution was 17 (limit:18). Your intelligence was 9 (limit:19). Your wisdom was 15 (peak:16, limit:18). Your charisma was 18 (limit:18). Final Status: You were weak from severe hunger. You were unencumbered. You were empty handed. You were unskilled in bare handed combat. Final Attributes: You were piously aligned. You were magic-protected. You were poison resistant. You had infravision. You were invisible. You were stealthy. You were warded. You had reflection. You were unlucky. Hermes was angry with you. You survived. Miscellaneous: You encountered 1 bones level. Total elapsed playing time was 2 hours, 11 minutes and 47 seconds. Major events: Turn 1: spontiff the neutral male gnomish Healer entered the dungeon 713: entered the Gnomish Mines 3362: reached Mine Town 6890: quit Vanquished creatures: a watch captain a small mimic 4 watchmen 4 water moccasins a rock mole a fog cloud a shrieker a gnome leader a gnomish wizard a little dog 2 kittens 9 dwarves a homunculus 2 kobold leaders a kobold shaman 2 hill orcs a rothe 3 giant bats 3 dwarf zombies a wererat 3 iguanas 6 acid blobs 3 coyotes 4 gas spores 6 hobbits 2 manes 4 large kobolds a hobgoblin 7 giant rats a cave spider a brown mold 2 yellow molds a green mold 3 red molds 5 gnomes a garter snake 11 geckos 10 jackals 2 foxes 5 kobolds 5 goblins 4 sewer rats 16 grid bugs 2 bats 6 lichens 4 kobold zombies 21 newts 177 creatures vanquished. No species were genocided or became extinct. Voluntary challenges: You never hit with a wielded weapon. You were a pacifist. You read items or engraved 1 time. You never engraved Elbereth. You never genocided any monsters. You never polymorphed an object. You never changed form. You used no wishes. Achievements: You entered the Gnomish Mines. You entered a shop. You entered Minetown. You entered a temple. The Dungeons of Doom: levels 1 to 5 Level 1: "Stashlet" Level 2: "magic trap" A general store. Stairs down to The Gnomish Mines. Level 3: A sink. Level 4: <- You were here. Level 5: The Gnomish Mines: levels 3 to 8 Level 3: "magic trap" Level 4: "magic trap" Level 5: "good stuff in tool shop, come back with mumwrap" Some shops, a temple, some fountains. Level 6: "magic trap" Level 7: "Disenchanter Polytrap Bones Below" Level 8: A grave. Final resting place for spontiff-Hea-Gno-Mal-Neu, killed by a disenchanter. Goodbye spontiff the Healer... You quit in The Dungeons of Doom on dungeon level 4 with 899 points, and 1754 pieces of gold, after 6890 moves. You were level 1 with a maximum of 29 hit points when you quit.